AoeStats
← pifitofo

QS Arena

503507940Analyzed
4v4 RM · 1mo ago on Sep 1, 2026· 48m 25s· 8 players
Game mode
Random Map
Map size
Large (8 player)
Population
200
Speed
Normal
Resources
Standard
Victory
Conquest
Starting age
Dark Age
Ending age
Imperial Age
RankedLock teamsTeams togetherTeam positionsShared explorationLock speedFull tech treeHidden civsTurbo modeCheats
Victory
Defeat
🇲🇽 Poles · Mexico
1009
+10
🇷🇺 Koreans · Russia
859
+17
🇹🇼 Bengalis · Taiwan
843
+17
🇦🇷 Persians · Argentina
788
+20
🇺🇸 Romans · United States
917
-18
🇲🇽 Koreans · Mexico
916
-18
🇺🇸 Inca · United States
833
-14
🇺🇸 Spanish · United States
824
-14
pifitofo
1:03 Loom
9:30 Feudal Age
10:50 Wheelbarrow
14:38 Castle Age
13:46 Double-Bit Axe
13:44 Horse Collar
22:13 Heavy Plow
22:39 Bow Saw
26:39 Hand Cart
26:57 Scale Barding Armor
26:47 Fletching
28:01 Gambesons
28:46 Scale Mail Armor
28:42 Bodkin Arrow
32:30 Imperial Age
30:42 Forging
31:53 Gold Mining
31:54 Stone Mining
34:09 Caravan
35:11 Conscription
35:42 Gold Shaft Mining
35:38 Pikeman
35:59 Elite Fire Lancer
41:44 Chain Mail Armor
41:30 Bracer
Luncheon
4:27 Loom
9:16 Feudal Age
9:44 Double-Bit Axe
13:18 Wheelbarrow
16:44 Castle Age
15:51 Horse Collar
17:08 Stone Mining
18:34 Bow Saw
19:57 Scale Barding Armor
23:13 Heavy Plow
23:33 Forging
24:04 Caravan
27:24 Stone Shaft Mining
29:19 Bloodlines
29:10 Husbandry
28:31 Light Cavalry
30:46 Hand Cart
35:26 Imperial Age
41:11 Hussar
44:35 Chemistry
MoncusJBAJ
8:32 Feudal Age
14:00 Castle Age
16:17 Double-Bit Axe
17:19 Horse Collar
22:00 Scale Mail Armor
22:02 Padded Archer Armor
23:09 Forging
22:25 Elite Skirmisher
26:11 Fletching
27:21 Thumb Ring
28:36 Bodkin Arrow
31:15 Bow Saw
31:07 Heavy Plow
31:13 Heavy Plow
31:06 Gold Mining
32:40 Ballistics
32:33 Masonry
39:18 Imperial Age
37:27 Andean Sling
37:33 Murder Holes
Akranon
8:43 Feudal Age
13:08 Castle Age
11:20 Gold Mining
11:53 Loom
12:37 Stone Mining
15:05 Gold Shaft Mining
15:16 Horse Collar
15:23 Double-Bit Axe
16:13 Fervor
20:07 Wheelbarrow
21:46 Bow Saw
24:31 Squires
25:20 Pikeman
26:40 Scale Mail Armor
27:00 Ballistas
28:10 Hand Cart
28:57 Chain Mail Armor
30:03 Ballistics
31:07 Forging
34:08 Imperial Age
31:55 Town Watch
33:12 Iron Casting
34:45 Heavy Scorpion
35:50 Siege Engineers
38:18 Conscription
37:23 Halberdier
40:37 Blast Furnace
39:28 Fletching
40:08 Comitatenses
40:01 Heavy Plow
42:12 Chemistry
41:23 Masonry
41:09 Murder Holes
41:25 Fortified Wall
41:25 Scale Barding Armor
41:20 Capped Ram
43:16 Block Printing
43:26 Illumination
43:09 Siege Ram
44:08 Bodkin Arrow
45:21 Architecture
46:00 Man-at-Arms
47:20 Guard Tower
D4nielSDH
0:27 Loom
9:07 Feudal Age
10:37 Wheelbarrow
9:48 Horse Collar
10:13 Double-Bit Axe
17:44 Castle Age
17:44 Forging
17:39 Scale Barding Armor
17:46 Stone Mining
17:49 Gold Mining
19:09 Iron Casting
18:35 Fletching
18:59 Light Cavalry
20:29 Husbandry
20:40 Bloodlines
21:07 Bow Saw
22:56 Heavy Plow
27:46 Imperial Age
26:23 Treadmill Crane
27:05 Ballistics
27:22 Chain Barding Armor
27:42 Bodkin Arrow
29:31 Chemistry
28:38 Winged Hussar
31:37 Hand Cart
32:13 Crop Rotation
32:22 Lechitic Legacy
33:26 Blast Furnace
33:38 Stone Shaft Mining
33:36 Conscription
33:50 Bracer
33:52 Scale Mail Armor
34:18 Padded Archer Armor
40:59 Chain Mail Armor
42:12 Arson
42:29 Squires
44:17 Cavalier
46:22 Plate Mail Armor
46:33 Hoardings
46:11 Szlachta Privileges
46:37 Siege Engineers
K
0:42 Loom
9:43 Feudal Age
9:49 Feudal Age
11:01 Horse Collar
14:20 Double-Bit Axe
16:47 Castle Age
15:58 Stone Mining
18:36 Padded Archer Armor
19:52 Fletching
21:47 Bow Saw
21:39 Heavy Plow
21:44 Gold Mining
22:35 Husbandry
22:46 Bloodlines
22:47 Bodkin Arrow
27:02 Gold Shaft Mining
26:49 Leather Archer Armor
28:27 Paiks
29:20 Wheelbarrow
32:21 Imperial Age
30:22 Ballistics
30:58 Scale Barding Armor
33:01 Chain Barding Armor
34:04 Chemistry
33:53 Conscription
35:36 Elite Elephant Archer
39:11 Mahayana
39:37 Murder Holes
40:17 Caravan
47:05 Ring Archer Armor
46:36 Bracer
46:45 Siege Engineers
46:21 Treadmill Crane
47:18 Crop Rotation
47:54 Two-Man Saw
47:14 Hand Cart
Yo$hum1
8:22 Feudal Age
9:51 Double-Bit Axe
12:35 Castle Age
10:41 Horse Collar
13:10 Forging
12:55 Gold Mining
13:59 Bow Saw
14:48 Loom
16:56 Heavy Plow
18:53 Squires
20:34 Wheelbarrow
23:16 Iron Casting
24:16 Hand Cart
23:53 Town Watch
24:14 Scale Mail Armor
24:04 Arson
25:47 Chain Mail Armor
25:38 Town Patrol
29:05 Gold Shaft Mining
28:23 Stone Mining
30:51 Stone Shaft Mining
34:55 Imperial Age
32:55 Ballistics
32:35 Murder Holes
32:02 Pikeman
32:35 Fletching
33:01 Eupseong
37:21 Elite Fire Lancer
38:33 Plate Mail Armor
38:00 Bodkin Arrow
37:27 Halberdier
37:33 Elite Skirmisher
38:20 Thumb Ring
38:39 Conscription
37:40 Elite War Wagon
39:26 Chemistry
39:49 Scale Barding Armor
39:43 Treadmill Crane
40:06 Bracer
42:00 Masonry
45:37 Husbandry
44:58 Light Cavalry
46:00 Chain Barding Armor
Khan Ino
0:30 Loom
7:57 Feudal Age
10:09 Wheelbarrow
9:20 Town Watch
19:23 Castle Age
18:22 Padded Archer Armor
19:43 Crossbowman
21:18 Thumb Ring
22:25 Leather Archer Armor
21:56 Horse Collar
22:09 Double-Bit Axe
23:14 Husbandry
24:26 Hand Cart
24:58 Kamandaran
25:38 Murder Holes
30:46 Pikeman
31:26 Squires
35:46 Imperial Age
35:51 Fletching
36:12 Forging
36:33 Ring Archer Armor
37:08 Chemistry
36:29 Ballistics
35:34 Onager
37:02 Caravan
38:58 Bow Saw
40:24 Elite War Elephant
42:37 Husbandry
42:28 Cavalier
43:23 Scale Barding Armor
43:18 Scale Mail Armor
43:14 Bodkin Arrow
44:43 Two-Man Saw
43:51 Heavy Plow
44:31 Iron Casting
44:09 Masonry
47:22 Chain Barding Armor
47:17 Chain Mail Armor
48:03 Blast Furnace
46:57 Heated Shot
47:38 Architecture
47:45 Crop Rotation
46:50 Halberdier
48:22 Hoardings
47:18 Sappers
47:58 Citadels
Connection lost

Rejoining the realm…

Still unreachable

The connection could not be restored.

Session expired

The server has moved on; the page needs a fresh start.